 Dungeon Crawl Stone Soup version 0.28-a0-533-g9f97627e2a (webtiles) character file.

Game seed: 6704476673891546061

792 Gargoyl the Skirmisher (level 7, -2/60 HPs)
             Began as a Gnoll Abyssal Knight on Sept 26, 2021.
             Was a Believer of Lugonu.
             Slain by Ijyb (4 damage)
             ... on level 5 of the Dungeon.
             The game lasted 00:05:18 (3547 turns).

Gargoyl the Skirmisher (Gnoll Abyssal Knight)       Turns: 3547, Time: 00:05:18

Health: -2/60      AC: -9    Str: 20    XL:     7   Next: 88%
Magic:  11/11      EV: 12    Int: 10    God:    Lugonu [**....]
Gold:   175        SH:  4    Dex: 12    Spells: 11/11 levels left

rFire   + + .      SeeInvis .   e - +7 hand axe "Wien" {vorpal, *Rage rPois rF+}
rCold   + . .      Faith    .   d - +0 buckler
rNeg    + . .      Spirit   .   i - +0 ring mail
rPois   +          Reflect  .   (no helmet)
rElec   +          Harm     .   (no cloak)
rCorr   +          Rampage  .   (no gloves)
Will    .....      Rage     20% (no boots)
Stlth   +.........              (no amulet)
HPRegen 0.20/turn               c - ring of poison resistance
MPRegen 0.12/turn               r - ring of Isemp {Contam rN+ rCorr Str+6}

@: resistant, corroded, on berserk cooldown
A: fangs 1, strong nose, distributed training
a: Renounce Religion, Depart the Abyss, Bend Space


You were on level 5 of the Dungeon.
You worshipped Lugonu.
Lugonu was pleased with you.
You visited 1 branch of the dungeon, and saw 6 of its levels.
You visited the Abyss 1 time.

You collected 175 gold pieces.

Inventory:

Hand Weapons
 a - a +1 hand axe
 e - the +7 hand axe "Wien" (weapon) {vorpal, *Rage rPois rF+}
   (You found it on level 2 of the Abyss)

   It inflicts extra damage upon your enemies.
   rF:        It protects you from fire.
   rPois:     It protects you from poison.
   *Rage:     It lets you go berserk by making a melee attack (+20% chance).
Armour
 d - a +0 buckler (worn)
 i - a +0 ring mail (worn)
Jewellery
 c - a ring of poison resistance (left hand)
 k - a ring of positive energy
 r - the ring of Isemp (right hand) {Contam rN+ rCorr Str+6}
   (You found it on level 4 of the Dungeon)

   [ring of positive energy]

   Str:       It affects your strength (+6).
   rN:        It protects you from negative energy.
   Contam:    It causes magical contamination when unequipped.
   rCorr:     It protects you from acid and corrosion.
Scrolls
 f - a scroll of amnesia {unknown}
 g - a scroll of blinking
 p - 2 scrolls of identify
 q - a scroll of summoning {unknown}
Potions
 h - a potion of degeneration {unknown}
 j - a potion of flight
 l - 2 potions of curing {unknown}
 n - a potion of mutation {unknown}
 o - a potion of brilliance {unknown}


   Skills:
 + Level 7.1 Fighting
 + Level 2.7 Short Blades
 + Level 2.7 Long Blades
 + Level 5.4 Axes
 + Level 2.7 Maces & Flails
 + Level 2.7 Polearms
 + Level 2.7 Staves
 + Level 2.7 Slings
 + Level 2.7 Bows
 + Level 2.7 Crossbows
 + Level 2.7 Throwing
 + Level 5.4 Armour
 + Level 3.8 Dodging
 + Level 2.7 Stealth
 + Level 2.7 Shields
 + Level 2.7 Unarmed Combat
 + Level 2.7 Spellcasting
 + Level 2.2 Conjurations
 + Level 2.2 Hexes
 + Level 2.2 Summonings
 + Level 2.2 Necromancy
 + Level 2.2 Translocations
 + Level 2.2 Transmutations
 + Level 2.2 Fire Magic
 + Level 2.2 Ice Magic
 + Level 2.2 Air Magic
 + Level 2.2 Earth Magic
 + Level 2.2 Poison Magic
 + Level 5.5 Invocations
 + Level 2.7 Evocations


You had 11 spell levels left.
You didn't know any spells.
Your spell library contained the following spells:

 Spells                   Type           Power      Damage    Failure   Level
 Sublimation of Blood     Necr           2%         N/A       32%         2
 Wereblood                Tmut           5%         N/A       32%         2
 Summon Hydra             Summ           2%         N/A       100%        7


Dungeon Overview and Level Annotations

Branches:
Dungeon (6/15)
 Temple: D:4-7

Altars:
Cheibriados
Elyvilon
Fedhas
Sif Muna
Xom

Annotations:
D:5 Ijyb


Innate Abilities, Weirdness & Mutations

You have very sharp teeth.
Your uncanny sense of smell can sniff out nearby items.
Your experience applies equally to all skills.


Message History

You closely miss Ijyb.
Ijyb is heavily wounded.
Ijyb hits you with a +0 dagger.
* * * LOW HITPOINT WARNING * * *
Unknown command.
You feel much better. Ijyb hits you with a +0 dagger. x2
You hit Ijyb.
Ijyb is severely wounded.
Ijyb hits you with a +0 dagger.
You closely miss Ijyb.
Ijyb is severely wounded.
Ijyb hits you with a +0 dagger. x2
You hit Ijyb but do no damage. You bite Ijyb, but do no damage.
Ijyb is severely wounded.
Ijyb zaps a wand.
The bolt of acid hits you! You resist. Ijyb hits you with a +0 dagger.
* * * LOW HITPOINT WARNING * * *
You hit Ijyb. You bite Ijyb, but do no damage.
Ijyb is almost dead.
Ijyb barely misses you.
You barely miss Ijyb.
Ijyb is almost dead.
Ijyb zaps a wand.
The bolt of acid hits you!! You resist.
* * * LOW HITPOINT WARNING * * *
The acid corrodes you! Ijyb barely misses you.
You hit Ijyb but do no damage.
Ijyb is almost dead.
You feel yourself speed up. You block Ijyb's attack.
Unknown command.
You hit Ijyb. Your bite misses Ijyb.
Ijyb is almost dead.
Ijyb closely misses you.
You hit Ijyb but do no damage.
Ijyb is almost dead.
Ijyb closely misses you.
You hit Ijyb but do no damage. You bite Ijyb, but do no damage.
Ijyb is almost dead.
Ijyb hits you with a +0 dagger.
You die...

#########
#.....$..#
#........#
#........#
........#
........#
#....#
#...>#
#.g@.#
#....# ∆
#....#
#.?..#
#....#
#....#
#....#
#..#..


You could see Ijyb.

Vanquished Creatures
  An ice beast (D:6)
  An ogre (D:4)
  A phantom (D:6)
  A gnoll sergeant (D:3)
  A scorpion (D:4)
  A wyvern skeleton (D:6)
  4 hounds
  An orc priest (D:3)
  An orc wizard (D:3)
  10 gnolls
  3 adders
  An adder skeleton (D:4)
  3 worms
  6 orcs (D:3)
  3 bats
  9 endoplasms
  A giant cockroach (D:2)
  2 goblins (D:2)
  4 hobgoblins
  8 jackals
  4 kobolds
  10 ball pythons
  7 frilled lizards
  2 rats
85 creatures vanquished.

Vanquished Creatures (others)
  7 plants (D:2)
  8 withered plants (D:2)
15 creatures vanquished.

Grand Total: 100 creatures vanquished

Notes
Turn   | Place    | Note
-------+----------+-------------------------------------------
     0 | Abyss:1  | Gargoyl the Gnoll Abyssal Knight began the quest for the
                  | Orb.
     0 | Abyss:1  | Reached XP level 1. HP: 23/23 MP: 3/3
    35 | Abyss:2  | Found a viscous altar of Jiyva.
    83 | Abyss:2  | Identified the +7 hand axe "Wien" {vorpal, *Rage rPois rF+}
    91 | Abyss:2  | Noticed a ynoxinul
    94 | D:1      | Escaped the Abyss
   666 | D:1      | Reached XP level 2. HP: 24/29 MP: 5/5
   833 | D:2      | Found a shimmering blue altar of Sif Muna.
   876 | D:2      | Reached * piety under Lugonu
   877 | D:2      | Reached XP level 3. HP: 35/35 MP: 6/6
  1188 | D:2      | Reached skill level 1 in Short Blades
  1188 | D:2      | Reached skill level 1 in Long Blades
  1188 | D:2      | Reached skill level 1 in Maces & Flails
  1188 | D:2      | Reached skill level 1 in Polearms
  1188 | D:2      | Reached skill level 1 in Staves
  1188 | D:2      | Reached skill level 1 in Slings
  1188 | D:2      | Reached skill level 1 in Bows
  1188 | D:2      | Reached skill level 1 in Crossbows
  1188 | D:2      | Reached skill level 1 in Throwing
  1188 | D:2      | Reached skill level 1 in Stealth
  1188 | D:2      | Reached skill level 1 in Shields
  1188 | D:2      | Reached skill level 1 in Unarmed Combat
  1188 | D:2      | Reached skill level 1 in Spellcasting
  1188 | D:2      | Reached skill level 1 in Evocations
  1255 | D:2      | Reached XP level 4. HP: 41/41 MP: 7/7
  1605 | D:2      | Reached skill level 1 in Conjurations
  1605 | D:2      | Reached skill level 1 in Hexes
  1605 | D:2      | Reached skill level 1 in Summonings
  1605 | D:2      | Reached skill level 1 in Necromancy
  1605 | D:2      | Reached skill level 1 in Translocations
  1605 | D:2      | Reached skill level 1 in Transmutations
  1605 | D:2      | Reached skill level 1 in Fire Magic
  1605 | D:2      | Reached skill level 1 in Ice Magic
  1605 | D:2      | Reached skill level 1 in Air Magic
  1605 | D:2      | Reached skill level 1 in Earth Magic
  1605 | D:2      | Reached skill level 1 in Poison Magic
  1872 | D:2      | Found a faded altar of an unknown god.
  2114 | D:3      | Reached ** piety under Lugonu
  2118 | D:3      | Reached XP level 5. HP: 47/47 MP: 8/8
  2288 | D:3      | Found a white marble altar of Elyvilon.
  2291 | D:3      | Found a blossoming altar of Fedhas.
  2439 | D:3      | Found a snail-covered altar of Cheibriados.
  2442 | D:3      | Found a shimmering altar of Xom.
  2490 | D:3      | Reached skill level 5 in Invocations
  2490 | D:3      | Reached XP level 6. HP: 37/53 MP: 9/9
  2686 | D:3      | Reached skill level 5 in Axes
  2686 | D:3      | Reached skill level 5 in Armour
  3258 | D:4      | Reached skill level 7 in Fighting
  3258 | D:4      | Reached XP level 7. HP: 60/60 MP: 10/10
  3434 | D:4      | Identified the ring of Isemp {Contam rN+ rCorr Str+6}
  3475 | D:4      | You fall into a shaft and drop 2 floors!
  3525 | D:5      | Entered Level 5 of the Dungeon
  3525 | D:5      | Noticed Ijyb
  3543 | D:5      | HP: 1/60 [Ijyb/bolt of acid (18)]
  3547 | D:5      | Slain by Ijyb

Illustrated notes

Levels and vault maps discovered:
D:1:      lightli_arrival_maybe_door_vault, layout_basic,
          kennysheep_decorative_pillar, minmay_pentomino_o2
D:2:      layout_rooms, basic_altar, shapermc_ecumenical_altar_flowoftime,
          minmay_surrounded
D:3:      layout_loops_cross, grunt_temple_overflow_cloverleaf,
          cheibrodos_gnoll_hut
D:4:      layout_loops_ring, minmay_temple_entry_antechambers
D:5:      layout_gridville, mainiacjoe_overflow_alcove_1,
          mrwooster_statue_mirror, kennysheep_generic_room_4,
          uniq_prince_ribbit1, uniq_ijyb
D:6:      layout_basic

Skill      XL: |  1  2  3  4  5  6  7 |
---------------+----------------------+-----
Short Blades   | 1 2 |  2.7
Long Blades    | 1 2 |  2.7
Maces & Flails | 1 2 |  2.7
Polearms       | 1 2 |  2.7
Staves         | 1 2 |  2.7
Slings         | 1 2 |  2.7
Bows           | 1 2 |  2.7
Crossbows      | 1 2 |  2.7
Throwing       | 1 2 |  2.7
Stealth        | 1 2 |  2.7
Shields        | 1 2 |  2.7
Unarmed Combat | 1 2 |  2.7
Spellcasting   | 1 2 |  2.7
Evocations     | 1 2 |  2.7
Conjurations   | 1 2 |  2.2
Hexes          | 1 2 |  2.2
Summonings     | 1 2 |  2.2
Necromancy     | 1 2 |  2.2
Translocations | 1 2 |  2.2
Transmutations | 1 2 |  2.2
Fire Magic     | 1 2 |  2.2
Ice Magic      | 1 2 |  2.2
Air Magic      | 1 2 |  2.2
Earth Magic    | 1 2 |  2.2
Poison Magic   | 1 2 |  2.2
Dodging        | 3 |  3.8
Invocations    | 5 |  5.5
Axes           | 5 |  5.4
Armour         | 5 |  5.4
Fighting       | 7 |  7.1

Action                   |  1- 3 |  4- 6 |  7- 9 || total
-------------------------+-------+-------+-------++-------
Melee: Hand axe          |    44 |   100 |    42 ||   186
       Bite              |     4 |     7 |     4 ||    15
Throw: Throwing net      |       |     1 |       ||     1
Invok: Depart the Abyss  |     1 |       |       ||     1
  Use: Scroll            |     6 |     1 |       ||     7
       Potion            |       |       |     4 ||     4
Armor: Ring mail         |    13 |    17 |    16 ||    46
Dodge: Dodged            |    26 |    40 |    30 ||    96
Block: Buckler           |     6 |    11 |     8 ||    25

Table legend: (Time is in decaauts)
 A = Elapsed time spent in this place.
 B = Non-inter-level travel time spent in this place.
 C = Inter-level travel time spent in this place.
 D = Time resting spent in this place.
 E = Time spent auto-exploring this place.
 F = Levels seen in this place.
 G = Mean time per level.
                   A        B        C        D        E       F      G
               +--------+--------+--------+--------+--------+-----+--------+
         Total |   3758 |   3703 |     55 |    286 |   2563 |   8 |  469.8 |
       Dungeon |   3656 |   3601 |     55 |    286 |   2510 |   6 |  609.3 |
         Abyss |    101 |    101 |      0 |      0 |     52 |   2 |   50.5 |
               +--------+--------+--------+--------+--------+-----+--------+

Top non-repeatable levels by time:
     D:3: 1047 daAuts
     D:1: 1041 daAuts
     D:2: 1040 daAuts
     D:4: 440 daAuts
 Abyss:2: 72 daAuts
     D:6: 53 daAuts
     D:5: 32 daAuts
 Abyss:1: 29 daAuts
